AoeStats
← Juancho

Arena

507578051Analyzed
3v3 RM · 14d ago on Sep 18, 2026· 50m 32s· 6 players
Game mode
Random Map
Map size
Normal (6 player)
Population
200
Speed
Normal
Resources
Standard
Victory
Conquest
Starting age
Dark Age
Ending age
Imperial Age
RankedLock teamsTeams togetherTeam positionsShared explorationLock speedFull tech treeHidden civsTurbo modeCheats
Victory
Defeat
🇫🇷 Mongols · France
939
+15
🇫🇷 Cumans · France
879
+18
🇺🇸 Spanish · United States
853
+18
🇧🇷 Romans · Brazil
948
-18
🇨🇴 Japanese · Colombia
915
-17
🇺🇸 Franks · United States
878
-16
Bredark
0:35 Loom
10:47 Feudal Age
17:45 Castle Age
15:59 Scale Mail Armor
18:16 Forging
17:28 Man-at-Arms
18:24 Long Swordsman
19:45 Bloodlines
22:39 Iron Casting
22:23 Chain Mail Armor
25:42 Iron Casting
27:35 Squires
26:58 Pikeman
28:36 Wheelbarrow
28:07 Stone Mining
34:06 Hand Cart
37:17 Padded Archer Armor
37:10 Gold Mining
37:04 Horse Collar
37:12 Double-Bit Axe
40:06 Imperial Age
37:23 Town Watch
38:02 Ballistics
37:53 Fortified Wall
37:39 Murder Holes
39:08 Masonry
38:22 Light Cavalry
39:31 Husbandry
42:40 Chemistry
46:33 Legionary
47:48 Fletching
49:00 Blast Furnace
Juancho
6:54 Loom
9:48 Feudal Age
10:39 Double-Bit Axe
11:47 Horse Collar
17:26 Scale Mail Armor
19:44 Fletching
20:33 Forging
26:48 Castle Age
26:03 Bloodlines
26:04 Scale Barding Armor
27:03 Wheelbarrow
27:49 Bow Saw
28:36 Gold Mining
28:38 Stone Mining
31:56 Treadmill Crane
33:16 Heavy Plow
35:23 Wheelbarrow
36:14 Murder Holes
36:32 Fortified Wall
40:46 Imperial Age
38:50 Man-at-Arms
39:16 Gambesons
39:32 Squires
40:38 Husbandry
41:01 Chain Barding Armor
41:22 Iron Casting
41:49 Kataparuto
41:03 Elite Skirmisher
42:34 Capped Ram
43:32 Onager
46:06 Chain Mail Armor
45:53 Padded Archer Armor
45:49 Bodkin Arrow
47:39 Leather Archer Armor
48:05 Bracer
48:28 Ballistics
buttplugger200
9:47 Feudal Age
10:56 Double-Bit Axe
16:48 Castle Age
laduve71
9:58 Feudal Age
10:34 Double-Bit Axe
10:14 Man-at-Arms
20:02 Scale Mail Armor
25:35 Castle Age
25:30 Stone Mining
25:37 Horse Collar
27:01 Wheelbarrow
27:16 Bow Saw
27:10 Heavy Plow
28:22 Hand Cart
30:09 Fletching
30:22 Padded Archer Armor
30:17 Long Swordsman
33:34 Bodkin Arrow
38:54 Chain Mail Armor
38:55 Leather Archer Armor
38:51 Forging
42:35 Imperial Age
43:25 Elite Conquistador
47:14 Two-Handed Swordsman
48:00 Bracer
48:30 Plate Mail Armor
Morty
9:35 Feudal Age
22:30 Wheelbarrow
26:52 Castle Age
25:03 Double-Bit Axe
25:00 Horse Collar
25:42 Stone Mining
27:09 Loom
28:28 Capped Ram
32:56 Bow Saw
32:48 Heavy Plow
36:30 Hand Cart
41:55 Imperial Age
40:08 Gold Mining
41:05 Steppe Husbandry
44:20 Chemistry
43:40 Ballistics
45:31 Siege Ram
45:54 Onager
47:33 Siege Onager
-ET-85-
9:26 Feudal Age
9:19 Loom
10:10 Loom
12:42 Fletching
13:46 Padded Archer Armor
24:03 Castle Age
26:42 Leather Archer Armor
26:22 Bodkin Arrow
27:27 Ballistics
31:08 Thumb Ring
31:48 Wheelbarrow
33:46 Hand Cart
39:28 Imperial Age
39:33 Elite Mangudai
39:45 Elite Mangudai
41:30 Chemistry
40:43 Bracer
42:28 Parthian Tactics
Connection lost

Rejoining the realm…

Still unreachable

The connection could not be restored.

Session expired

The server has moved on; the page needs a fresh start.